 Dungeon Crawl Stone Soup version 0.23.2-40-g277498a001 (webtiles) character file.

Game seed: 3053929418868676079

1223 Descartes the Conjurer (level 8, -10/41 HPs)
             Began as a Deep Elf Conjurer on Sept 26, 2019.
             Mangled by a troll (15 damage)
             ... on level 6 of the Dungeon.
             The game lasted 00:22:46 (8008 turns).

Descartes the Conjurer (Deep Elf Conjurer)          Turns: 8008, Time: 00:22:47

Health: -10/41     AC:  2    Str:  5    XL:     8   Next: 23%
Magic:  9/19       EV: 15    Int: 23    God:
Gold:   322        SH:  0    Dex: 15    Spells: 9/19 levels left

rFire    . . .     SeeInvis .   s - +2 falchion (flame)
rCold    . . .     Gourm    .   (no shield)
rNeg     . . .     Faith    .   a - +0 robe
rPois    .         Spirit   .   (no helmet)
rElec    .         Reflect  .   (no cloak)
rCorr    .         Harm     .   (no gloves)
MR       .....                  (no boots)
Stlth    +++.......             (no amulet)
HPRegen  0.13/turn              (no ring)
MPRegen  0.16/turn              (no ring)

@: no status effects
A: no striking features
a: no special abilities


You were on level 6 of the Dungeon.
You were hungry.

You visited 2 branches of the dungeon, and saw 7 of its levels.

You collected 322 gold pieces.

Inventory:

Hand Weapons
 q - a +1 vampiric dagger
 s - a +2 falchion of flaming (weapon)
Missiles
 b - 130 stones
 e - 6 javelins (quivered)
 h - 41 poisoned needles
 j - 90 arrows
Armour
 a - a +0 robe (worn)
 w - a +0 leather armour
Jewellery
 x - an uncursed amulet of regeneration {unknown}
Wands
 g - a wand of polymorph (6)
 r - a wand of flame (9)
Scrolls
 i - 4 scrolls of identify
 k - 5 scrolls of fear
 l - a scroll of blinking
 n - a scroll of teleportation
 o - a scroll of magic mapping
 p - a scroll of amnesia
 t - a scroll of enchant weapon
 v - a scroll of fog
Potions
 d - 11 potions of curing
 f - 2 potions of agility {unknown}
 m - a potion of might
 u - a potion of resistance {unknown}
Comestibles
 c - 17 rations


   Skills:
 + Level 5.3 Dodging
 + Level 5.7 Stealth
 + Level 6.4 Spellcasting
 + Level 7.5 Conjurations
 + Level 4.8 Hexes


You had 9 spell levels left.
You knew the following spells:

 Your Spells              Type           Power        Failure   Level  Hunger
a - Magic Dart            Conj           ####         1%          1    None
b - Searing Ray           Conj           #####.       1%          2    None
c - Dazzling Spray        Conj/Hex       #####.       1%          3    #......
d - Iskenderun's Mystic   Conj           #####...     3%          4    ###....

Your spell library contained the following spells:

 Spells                   Type           Power        Failure   Level  Hunger
 Fulminant Prism          Conj/Hex       #####.....   6%          4    ###....
 Force Lance              Conj/Tloc      ###.....     17%         4    ###....


Dungeon Overview and Level Annotations

Branches:
Dungeon (6/15)             Temple (1/1) D:5

Altars:
Cheibriados
Elyvilon
Fedhas
Hepliaklqana
Kikubaaqudgha
Nemelex Xobeh
Okawaru
Qazlal
Ru
Sif Muna
Trog
Xom
Yredelemnul
Zin
The Shining One

Shops:
D:5 (


Message History

Confirm with . or Enter, or press ? or * to list all spells.
Aiming: Searing Ray (safe; 1% risk of failure)
Press: ? - help, Shift-Dir - straight line, f/p - troll
Aim: a troll (severely wounded)
The searing ray hits the troll.
The troll is severely wounded. (Press . to maintain the ray.)
The troll bites you but does no damage. The troll claws you!
The troll claws you.
The searing ray hits the troll.
The troll is almost dead.
The troll bites you! The troll claws you.
* * * LOW HITPOINT WARNING * * *
The troll closely misses you.
The searing ray hits the troll.
The troll is almost dead.
The troll bites you.
* * * LOW HITPOINT WARNING * * *
The troll claws you!
You die...

#.....## ##.......## ##..#
##......####.........####...##
...........'.........'.......#
##......####.........####...##
###.#.## ##.......## ##..#
#.### ##.....## ##.# #.#
##...## #.# #.# ##'## .# .#
#@# .# #T# #.# #...# #.....#
..#.....# #..##.^.... #.
.......# . #.....##


You could see a troll.

Vanquished Creatures
  Eustachio (D:4)
  An ice beast (D:6)
  A sky beast (D:6)
  An ogre (D:4)
  2 centaurs (D:5)
  2 bullfrogs
  A scorpion (D:4)
  A howler monkey (D:5)
  A crimson imp (D:6)
  A bullfrog skeleton (D:4)
  A hound (D:4)
  An orc priest (D:3)
  An orc wizard (D:6)
  Jessica (D:3)
  A worker ant (D:5)
  A worker ant zombie (D:5)
  7 adders
  4 gnolls
  2 oozes
  3 adder skeletons
  2 worms
  4 dart slugs
  3 leopard geckos
  8 orcs
  4 giant cockroaches
  10 goblins
  13 hobgoblins
  7 jackals
  A quokka (D:2)
  3 ball pythons
  9 bats
  5 frilled lizards
  13 kobolds
  8 rats
124 creatures vanquished.

Notes
Turn   | Place    | Note
-------+----------+-------------------------------------------
     0 | D:1      | Descartes the Deep Elf Conjurer began the quest for the
                  | Orb.
     0 | D:1      | Reached XP level 1. HP: 10/10 MP: 6/6
   368 | D:1      | Reached XP level 2. HP: 15/15 MP: 6/8
   546 | D:1      | Reached skill level 5 in Conjurations
   986 | D:1      | Reached XP level 3. HP: 19/19 MP: 3/9
  1238 | D:1      | Learned a level 2 spell: Searing Ray
  1242 | D:1      | Learned a level 3 spell: Dazzling Spray
  1813 | D:2      | Reached XP level 4. HP: 24/24 MP: 9/11
  2219 | D:2      | Found a hazy altar of Hepliaklqana.
  2279 | D:2      | Found a sparkling altar of Nemelex Xobeh.
  2289 | D:2      | Reached skill level 6 in Conjurations
  2744 | D:2      | Reached XP level 5. HP: 22/28 MP: 11/13
  3250 | D:3      | Reached skill level 1 in Hexes
  3401 | D:3      | Noticed Jessica
  3403 | D:3      | Killed Jessica
  3441 | D:3      | Learned a level 4 spell: Iskenderun's Mystic Blast
  3997 | D:4      | Found a snail-covered altar of Cheibriados.
  4033 | D:4      | Noticed an ogre
  4126 | D:4      | Found a sacrificial altar of Ru.
  4413 | D:4      | Reached XP level 6. HP: 20/32 MP: 3/14
  5175 | D:4      | Noticed Eustachio
  5190 | D:4      | Killed Eustachio
  5190 | D:4      | Reached skill level 5 in Spellcasting
  5545 | D:4      | Found a snail-covered altar of Cheibriados.
  5582 | D:4      | Found a sacrificial altar of Ru.
  5606 | D:4      | Reached XP level 7. HP: 36/36 MP: 9/16
  6162 | D:5      | Entered Level 5 of the Dungeon
  6259 | D:5      | Reached skill level 7 in Conjurations
  6481 | D:5      | Found Xalirin's Weapon Shop.
  6694 | D:5      | Reached skill level 5 in Stealth
  6842 | D:5      | Found a staircase to the Ecumenical Temple.
  6859 | Temple   | Entered the Ecumenical Temple
  7008 | D:5      | Found a glowing silver altar of Zin.
  7480 | D:6      | Reached skill level 5 in Dodging
  7480 | D:6      | Reached XP level 8. HP: 35/41 MP: 10/19
  7995 | D:6      | Noticed a troll
  8008 | D:6      | Mangled by a troll

Skill      XL: |  1  2  3  4  5  6  7 |
---------------+----------------------+-----
Conjurations   | 5 6 7 |  7.5
Spellcasting   | 4 5 6 |  6.4
Stealth        | 3 4 5 |  5.7
Dodging        | 3 4 5 |  5.3
Hexes          | 2 3 4 |  4.8

Action                   |  1- 3 |  4- 6 |  7- 9 || total
-------------------------+-------+-------+-------++-------
Melee: Unarmed           |     4 |       |       ||     4
 Cast: Magic Dart        |    87 |   159 |   102 ||   348
       Searing Ray       |       |     3 |     4 ||     7
  Use: Scroll            |     2 |     8 |       ||    10
  Eat: Chunk             |     3 |    10 |     4 ||    17
       Ration            |       |       |     1 ||     1
Armor: Robe              |     2 |     1 |     9 ||    12
Dodge: Dodged            |    15 |    24 |    46 ||    85
       Rpst.: Long sword |       |    11 |     4 ||    15
       Falchion          |       |       |     9 ||     9
